 Dungeon Crawl Stone Soup version 0.25-a0-294-gea9b1ad (webtiles) character file.

Game seed: 1532116935845256186, levelgen mode: deterministic

819 MrTaco21 the Basher (level 7, -2/41 HPs)
             Began as a Gargoyle Fighter on Dec 18, 2019.
             Killed by divine providence
             ... invoked by an orc priest
              (16 damage)
             ... on level 5 of the Dungeon.
             The game lasted 00:08:25 (3376 turns).

MrTaco21 the Basher (Gargoyle Fighter)              Turns: 3376, Time: 00:08:26

Health: -2/41      AC: 21    Str: 21    XL:     7   Next: 95%
Magic:  7/7        EV:  3    Int:  9    God:
Gold:   270        SH:  9    Dex:  9    Spells: 6/6 levels left

rFire    . . .     SeeInvis .   a - +1 flail
rCold    . . .     Gourm    .   c - +0 shield
rNeg     + + .     Faith    .   f - +0 plate armour
rPois    ∞         Spirit   .   (no helmet)
rElec    +         Reflect  .   x - +0 cloak
rCorr    .         Harm     .   g - +0 pair of gloves
MR       +....                  b - +2 pair of boots
Stlth    ..........             (no amulet)
HPRegen  0.13/turn              l - ring of protection from magic
MPRegen  0.10/turn              v - ring of positive energy

@: slowed, very slow
A: negative energy resistance 1, electricity resistance, unbreathing,
petrification resistance, rot immunity, AC +4
a: no special abilities


You were on level 5 of the Dungeon.
You were very hungry.

You visited 1 branch of the dungeon, and saw 5 of its levels.

You collected 270 gold pieces.

Inventory:

Hand Weapons
 a - a +1 flail (weapon)
 A - a cursed -3 hand axe
   (You found it on level 4 of the Dungeon)
Armour
 b - a +2 pair of boots (worn)
   (You found it on level 4 of the Dungeon)
 c - a +0 shield (worn)
 f - a +0 plate armour (worn)
   (You found it on level 3 of the Dungeon)
 g - a +0 pair of gloves (worn)
   (You found it on level 1 of the Dungeon)
 x - a +0 cloak (worn)
   (You found it on level 4 of the Dungeon)
Jewellery
 l - a ring of protection from magic (left hand)
   (You found it on level 3 of the Dungeon)
 v - a ring of positive energy (right hand)
   (You found it on level 4 of the Dungeon)
 C - a +2 amulet of reflection {unknown}
   (You found it on level 5 of the Dungeon)
Scrolls
 i - 2 scrolls of amnesia
 j - a scroll of fear {unknown}
 k - 5 scrolls of teleportation {@r4}
 o - 2 scrolls of blinking
 p - a scroll of random uselessness {unknown}
 s - 2 scrolls of remove curse {@r2}
 t - 2 scrolls of enchant weapon
 u - 3 scrolls of enchant armour
 y - a scroll of fog {unknown}
Potions
 d - a potion of might
 h - 2 potions of curing {unknown}
 m - a potion of lignification {unknown}
 n - a potion of mutation {unknown}
 q - a potion of resistance {unknown}
 r - a potion of flight {unknown}
 w - a potion of agility {unknown}
 z - a potion of haste {unknown}
Comestibles
 e - 7 rations {!d}


   Skills:
 - Level 3.2 Fighting
 + Level 8.9 Maces & Flails
 - Level 3.2 Armour
 - Level 3.2 Shields


You had 6 spell levels left.
You didn't know any spells.
Your spell library contained the following spells:

 Spells                   Type           Power        Failure   Level  Hunger
 Sandblast                Erth           #.....       100%        1    ##.....
 Passwall                 Tmut/Erth      #.......     100%        2    ###....
 Stone Arrow              Conj/Erth      #.....       100%        3    ####...
 Petrify                  Tmut/Erth      #.......     100%        4    #####..
 Lee's Rapid Deconstruct  Erth           #.........   100%        5    ######.


Dungeon Overview and Level Annotations

Branches:
Dungeon (5/15)
 Temple: D:4-7

Altars:
Gozag
Nemelex Xobeh
Zin


Innate Abilities, Weirdness & Mutations

You are resistant to torment.
Your stone body is resilient. (AC +4)
You are immune to poison.
You resist negative energy. (rN+)
You are resistant to electric shocks. (rElec)
You can survive without breathing.
You are immune to petrification.
You are immune to rotting.


Message History

You climb downwards.
The orc hits you but does no damage.
There is a stone staircase leading up here.
You climb upwards.
There is a stone staircase leading down here.
You hit the orc. The orc hits you but does no damage.
You hit the orc.
You kill the orc!
No target in view!
You climb downwards.
There is a stone staircase leading up here.
The orc wizard gestures at you while chanting.
You feel yourself slow down.
The orc wizard casts a spell.
The orc wizard blinks!
Unknown command.
The orc priest invokes the aid of Beogh against you.
Beogh smites you!
The orc priest calls down the wrath of Beogh upon you.
Beogh smites you!
* * * LOW HITPOINT WARNING * * *
You completely miss the orc priest.
The orc priest hits you but does no damage.
The orc wizard casts a spell.
The orc wizard blinks!
The orc priest hits you but does no damage.
You completely miss the orc priest.
The orc priest hits you but does no damage.
You hit the orc priest. You block the orc priest's attack.
The orc priest hits you but does no damage.
The orc wizard gestures wildly while chanting.
The orc wizard blinks!
You closely miss the orc priest.
The orc priest hits you but does no damage.
The orc wizard gestures wildly while chanting.
The orc wizard blinks!
You block the orc priest's attack.
You hit the orc priest. You block the orc priest's attack.
Your shield and plate armour prevent you from hitting the orc priest.
The orc priest hits you but does no damage.
You block the orc wizard's attack.
The orc priest hits you but does no damage.
You hit the orc priest.
The orc wizard hits you but does no damage.
The orc priest hits you but does no damage.
The orc wizard hits you but does no damage.
You hit the orc priest.
The orc priest hits you but does no damage.
The orc wizard barely misses you.
The orc priest calls down the wrath of Beogh upon you.
Beogh smites you!
You die...

#.......... ..##
.........##...#
..##............#
..<.............#
...:..........#
#.....<.....# ... ..
###..>......### ...
....##.##.#.o......# .#
.............@###..###
.#..............o#....#
.#................o.o.##
##..##.........÷..#....#
.#.###.....(..[..##...%#
......................##
.............).......##
.........)..[..[.#..##
#...##.........#.#...#


You could see an orc priest and an orc wizard.

Vanquished Creatures
  Grinder (D:3)
  A sky beast (D:5)
  A phantom (D:4)
  A scorpion (D:4)
  A centaur zombie (D:5)
  A hound (D:5)
  An orc priest (D:5)
  An orc wizard (D:5)
  Natasha (D:2)
  A worker ant (D:4)
  A hound skeleton (D:5)
  A gnoll (D:1)
  7 adders
  An adder skeleton (D:5)
  3 worms
  6 dart slugs
  2 leopard geckos
  11 orcs
  A ball python (D:1)
  11 bats
  8 giant cockroaches
  8 goblins
  12 hobgoblins
  9 jackals
  A quokka (D:3)
  7 frilled lizards
  A giant cockroach zombie (D:5)
  7 kobolds
  A leopard gecko zombie (D:5)
  12 rats
120 creatures vanquished.

Notes
Turn   | Place    | Note
-------+----------+-------------------------------------------
     0 | D:1      | MrTaco21 the Gargoyle Fighter began the quest for the Orb.
     0 | D:1      | Reached XP level 1. HP: 14/14 MP: 1/1
    85 | D:1      | Reached XP level 2. HP: 19/19 MP: 2/2
   143 | D:1      | Reached skill level 3 in Maces & Flails
   178 | D:1      | Reached XP level 3. HP: 7/23 MP: 3/3
   721 | D:1      | Reached skill level 4 in Maces & Flails
   848 | D:2      | Reached XP level 4. HP: 27/28 MP: 4/4
  1121 | D:2      | Found a sparkling altar of Nemelex Xobeh.
  1166 | D:2      | Noticed Natasha
  1178 | D:2      | Killed Natasha
  1178 | D:2      | Reached skill level 5 in Maces & Flails
  1178 | D:2      | Reached XP level 5. HP: 16/32 MP: 5/5
  1406 | D:2      | Found a glowing silver altar of Zin.
  1489 | D:3      | Noticed Grinder
  1498 | D:3      | Paralysed by Grinder for 4 turns
  1506 | D:3      | Killed Grinder
  1506 | D:3      | Reached skill level 6 in Maces & Flails
  1506 | D:3      | Reached XP level 6. HP: 26/37 MP: 6/6
  2106 | D:3      | Reached skill level 7 in Maces & Flails
  2669 | D:5      | Entered Level 5 of the Dungeon
  2703 | D:5      | Noticed a phantom
  2710 | D:5      | Reached XP level 7. HP: 40/41 MP: 7/7
  2860 | D:4      | Reached skill level 8 in Maces & Flails
  2900 | D:5      | Found an opulent altar of Gozag.
  3376 | D:5      | Killed from afar by an orc priest

Levels and vault maps discovered:
D:1:      minmay_arrival_hallway, layout_rooms, minmay_misc_feat_tiny,
          minmay_pentomino_q4
D:2:      layout_rooms, zin_statuary, marbit_many_paths, first_ration,
          uniq_natasha
D:3:      kb_forest_paths, layout_loops_ring, uniq_grinder
D:4:      layout_basic
D:5:      layout_cave_pools, lemuel_round_altar, minmay_circle_x

Skill      XL: |  1  2  3  4  5  6  7 |
---------------+----------------------+-----
Maces & Flails | 3 4 5 6 7 8 |  8.9
Fighting       | |  3.2
Armour         | |  3.2
Shields        | |  3.2

Action                   |  1- 3 |  4- 6 |  7- 9 || total
-------------------------+-------+-------+-------++-------
Melee: Flail             |   142 |   242 |   137 ||   521
  Use: Scroll            |       |     5 |     1 ||     6
  Eat: Chunk             |       |     7 |     1 ||     8
Armor: Scale mail        |   105 |   133 |       ||   238
       Plate armour      |       |    19 |   199 ||   218
Dodge: Dodged            |    75 |    69 |    49 ||   193
Block: Shield            |    99 |   120 |   106 ||   325

Table legend:
 A = Non-vault XP
 B = Vault XP
 C = Vault XP percentage of total XP
 D = Non-vault monster count
 E = Vault monster count
 F = Vault count percentage of total count
                 A         B        C        D         E       F
            +---------+---------+-------+---------+---------+-------
      Total |     764 |     407 |  34.8 |     103 |      17 |  14.2
            +---------+---------+-------+---------+---------+-------
        D:1 |      66 |       8 |  10.8 |      30 |       4 |  11.8
        D:2 |      92 |      40 |  30.3 |      29 |       2 |   6.5
        D:3 |      57 |     282 |  83.2 |      19 |       6 |  24.0
        D:4 |     273 |      13 |   4.5 |      16 |       1 |   5.9
        D:5 |     276 |      64 |  18.8 |       9 |       4 |  30.8
            +---------+---------+-------+---------+---------+-------
